Map: [ESL] Gresvan

Players

SKillous

  • Race: Protoss Protoss
  • Spawn Location: 11:00

Reynor - Winner!

  • Race: Zerg Zerg
  • Spawn Location: 5:00

Event: ESL SC2 Masters 2023 Summer (Regionals)

VOD

Have the link to the VOD?

Description

Time

  • Played on: May 28, 2023, 6:39 a.m.
  • Length: 12:37

All games in this series

Show
View Real Time Build Order
Export as new Build Order

SKillous Protoss 

Build Orders: 1 Gate Expand, Oracle Opening 

Get SALT Encoding   

  12  0:00  Probe  
  13  0:14  Pylon  
  13  0:18  Probe (Chrono Boost)  
  15  0:29  Probe (Chrono Boost)  
  15  0:33  Probe (Chrono Boost)  
  16  0:39  Gateway  
  16  0:44  Probe  
  16  0:48  Assimilator  
  17  0:56  Probe  
  18  1:08  Probe  
  19  1:20  Probe  
  20  1:27  Nexus  
  20  1:35  Cybernetics Core  
  20  1:38  Probe  
  21  1:46  Assimilator  
  21  1:50  Probe  
  22  1:54  Pylon  
  22  2:02  Probe  
  23  2:10  Adept (Chrono Boost)  
  23  2:14  Probe (Chrono Boost), Warp Gate  
  26  2:24  Probe (Chrono Boost)  
  26  2:29  Probe (Chrono Boost)  
  27  2:30  Stargate  
  30  2:39  Probe (Chrono Boost)  
  30  2:41  Stalker  
  32  2:46  Probe (Chrono Boost)  
  32  2:48  Probe (Chrono Boost)  
  33  2:53  Probe x2 (Chrono Boost)  
  35  3:05  Probe  
  36  3:06  Probe  
  36  3:10  Oracle (Chrono Boost)  
  36  3:12  Gateway  
  35  3:17  Probe, Pylon  
  39  3:20  Probe  
  39  3:22  Adept  
  42  3:29  Probe  
  42  3:32  Probe  
  44  3:38  Oracle (Chrono Boost)  
  45  3:41  Probe  
  45  3:44  Probe  
  45  3:46  Pylon  
  49  3:53  Probe  
  50  3:56  Probe  
  51  4:05  Probe  
  51  4:06  Adept  
  51  4:08  Adept  
  56  4:16  Nexus  
  56  4:17  Pylon  
  56  4:22  Probe x2  
  58  4:25  Twilight Council  
  58  4:34  Probe x2, Gateway x2  
  60  4:39  Assimilator  
  60  4:41  Assimilator  
  58  4:46  Probe x2  
  58  4:49  Stalker x2  
  60  4:55  Shield Battery  
  60  4:56  Blink (Chrono Boost)  
  60  4:58  Probe x2  
  60  4:59  Forge  
  62  5:10  Probe x2  
  62  5:12  Pylon  
  64  5:19  Stalker x2  
  68  5:22  Probe x2  
  68  5:28  Probe  
  71  5:30  Stalker  
  71  5:31  Stalker  
  71  5:34  Probe x2, Protoss Ground Weapons Level 1  
  77  5:40  Probe  
  78  5:46  Probe x2, Pylon  
  78  5:47  Stalker x2  
  85  5:57  Pylon, Stalker x2  
  85  6:01  Probe  
  89  6:05  Nexus  
  89  6:18  Stalker x2  
  89  6:22  Gateway  
  89  6:24  Gateway  
  93  6:26  Probe x3, Gateway  
  96  6:38  Probe  
  88  6:44  Stalker x4  
  88  6:45  Probe x2  
  88  6:46  Assimilator  
  94  6:47  Charge  
  94  6:50  Templar Archives, Assimilator  
  94  6:51  Probe  
  94  6:53  Photon Cannon  
  95  6:56  Shield Battery  
  95  6:57  Probe  
  95  7:00  Pylon  
  97  7:01  Probe  
  97  7:02  Pylon  
  97  7:03  Probe  
  98  7:09  Probe, Psionic Storm  
  99  7:16  Stalker x4  
  103  7:25  Gateway  
  103  7:26  Probe x3  
  103  7:27  Probe  
  103  7:29  Gateway  
  107  7:34  Protoss Ground Armor Level 1 (Chrono Boost)  
  105  7:38  Probe x2, Robotics Facility  
  105  7:39  Robotics Facility  
  105  7:42  Forge  
  107  7:45  Probe x2  
  107  7:46  Assimilator  
  107  7:47  Assimilator  
  107  7:50  Probe, Gateway  
  110  7:54  Probe  
  110  7:56  High Templar  
  110  7:57  Probe, High Templar  
  113  8:00  Gateway  
  113  8:02  Gateway  
  113  8:04  Gateway  
  113  8:05  Probe x2, Gateway  
  115  8:06  Probe  
  115  8:09  Probe, High Templar  
  119  8:14  High Templar  
  119  8:15  Protoss Ground Weapons Level 2 (Chrono Boost)  
  119  8:17  Probe  
  119  8:18  Photon Cannon  
  122  8:21  Photon Cannon  
  122  8:22  Shield Battery  
  122  8:24  Pylon  
  125  8:29  Photon Cannon  
  125  8:31  Shield Battery  
  126  8:34  Immortal (Chrono Boost), Observer  
  126  8:38  Probe  
  128  8:43  High Templar x2  
  132  8:48  Pylon  
  132  8:50  Nexus, Photon Cannon  
  132  8:51  Pylon  
  132  8:53  Warp Prism (Chrono Boost)  
  132  8:57  Pylon  
  132  8:59  High Templar x2  
  132  9:00  Zealot  
  132  9:01  Zealot  
  142  9:03  Zealot x2  
  142  9:08  Archon  
  142  9:09  Immortal (Chrono Boost)  
  150  9:16  Zealot x4  
  150  9:17  Zealot  
  158  9:21  High Templar x2, Protoss Ground Armor Level 2  
  158  9:22  Zealot x2  
  166  9:25  Archon  
  166  9:27  Zealot x2  
  172  9:40  Immortal (Chrono Boost), Pylon  
  172  9:44  Pylon  
  164  9:47  Zealot x4  
  168  9:57  Archon  
  168  9:58  Zealot x4, Archon  
  168  9:59  Zealot x4  
  160  10:05  Oracle  
  144  10:10  Zealot  
  144  10:11  Zealot x4  
  144  10:14  Probe  
  153  10:24  High Templar  
  153  10:25  High Templar x3  
  153  10:26  High Templar x2  
  163  10:30  High Templar x2, Archon  
  163  10:31  Zealot  
  163  10:32  Zealot x4  
  177  10:37  Archon  
  177  10:39  Immortal (Chrono Boost)  
  177  10:40  Observer  
  166  11:00  Zealot  
  166  11:01  Zealot x6  
  166  11:04  Immortal (Chrono Boost)  
  132  11:10  Zealot  
  125  11:21  Zealot x7  
  116  11:26  Archon  
  106  11:32  Zealot  
  106  11:34  Immortal  
  94  11:40  Probe x5  
  94  11:43  Zealot  
  94  11:44  Zealot x5  
  103  11:55  Probe x2 (Chrono Boost)  
  103  11:56  Probe (Chrono Boost)  
  103  11:58  Probe (Chrono Boost)  
  94  12:05  Probe x2 (Chrono Boost)  
  94  12:06  Probe (Chrono Boost)  
  95  12:09  High Templar x3  
  95  12:10  High Templar  
  95  12:11  High Templar x2  
  95  12:13  Probe (Chrono Boost)  
  104  12:19  Archon  
  104  12:21  Probe (Chrono Boost)  
  106  12:24  Probe (Chrono Boost)  
  106  12:28  Zealot, Stalker  
Show
View Real Time Build Order
Export as new Build Order

Reynor Zerg - Winner!

Build Orders: Hatch First, Lurkers 

Get SALT Encoding   

  12  0:00  Drone  
  13  0:12  Overlord  
  13  0:16  Drone  
  14  0:30  Drone x2  
  14  0:34  Drone  
  17  0:50  Hatchery  
  17  0:53  Drone  
  17  0:56  Drone  
  18  1:07  Extractor  
  18  1:11  Spawning Pool  
  16  1:14  Drone  
  16  1:18  Drone  
  18  1:27  Drone  
  19  1:38  Overlord  
  19  1:54  Drone  
  19  1:58  Queen  
  19  2:00  Drone  
  23  2:02  Queen  
  23  2:04  Zergling x2  
  26  2:11  Zergling x2  
  26  2:13  Drone  
  28  2:20  Drone  
  29  2:24  Drone  
  30  2:30  Metabolic Boost  
  30  2:34  Hatchery  
  30  2:36  Zergling x2  
  30  2:38  Drone  
  30  2:43  Overlord  
  31  2:46  Drone  
  32  2:53  Queen  
  32  2:54  Drone  
  32  2:57  Drone  
  35  3:06  Queen  
  35  3:09  Drone x2  
  39  3:13  Overlord  
  39  3:15  Drone  
  39  3:17  Drone  
  39  3:19  Drone  
  42  3:21  Drone  
  42  3:22  Drone  
  44  3:28  Overlord  
  44  3:32  Drone x2  
  46  3:38  Roach Warren  
  46  3:39  Drone  
  46  3:41  Drone  
  47  3:46  Drone  
  47  3:47  Drone  
  49  3:51  Queen  
  49  3:52  Drone  
  52  3:57  Drone  
  52  3:58  Drone  
  52  4:01  Overlord, Drone x2  
  56  4:10  Drone x2  
  56  4:11  Drone, Spore Crawler  
  56  4:16  Queen x2  
  62  4:19  Spore Crawler  
  62  4:21  Spore Crawler  
  62  4:23  Spore Crawler  
  57  4:25  Spore Crawler  
  57  4:27  Drone x2  
  57  4:28  Drone  
  57  4:29  Drone x2  
  64  4:32  Drone x2  
  64  4:33  Drone  
  64  4:35  Evolution Chamber  
  64  4:37  Zergling x4  
  68  4:40  Zergling x4  
  68  4:42  Zergling x2  
  67  4:46  Drone  
  67  4:49  Spore Crawler  
  67  4:50  Drone  
  67  4:51  Drone  
  69  4:52  Queen  
  69  4:56  Drone  
  69  4:59  Drone  
  73  5:03  Overlord  
  73  5:04  Drone  
  73  5:05  Overlord  
  73  5:07  Zerg Melee Weapons Level 1  
  73  5:11  Overlord  
  73  5:14  Lair  
  73  5:17  Hatchery  
  73  5:20  Drone  
  73  5:23  Drone x3  
  73  5:24  Drone  
  73  5:26  Drone x3  
  73  5:27  Drone  
  81  5:29  Drone  
  81  5:31  Drone x2  
  85  5:35  Zergling x6  
  85  5:36  Extractor, Zergling x2  
  85  5:40  Drone x2  
  85  5:41  Drone x2  
  91  5:43  Extractor  
  91  5:44  Extractor, Overlord  
  89  5:50  Spore Crawler  
  89  5:51  Drone  
  89  6:00  Overlord  
  89  6:02  Overlord  
  89  6:03  Zergling x16  
  97  6:06  Overlord  
  97  6:13  Overlord  
  97  6:16  Zergling x2, Infestation Pit  
  97  6:18  Overlord  
  97  6:19  Zergling x4  
  97  6:23  Zergling x2  
  97  6:25  Zergling x2  
  99  6:35  Zergling x22  
  104  6:43  Queen  
  104  6:44  Drone x4  
  108  6:48  Drone  
  108  6:52  Drone  
  108  6:54  Drone x2, Hive  
  110  6:57  Queen  
  110  7:00  Overlord, Hydralisk Den  
  113  7:01  Zergling x6  
  113  7:02  Zergling x4  
  113  7:07  Zerg Melee Weapons Level 2  
  113  7:08  Zergling x6  
  121  7:09  Hatchery  
  121  7:15  Drone x4  
  122  7:16  Drone x2  
  122  7:18  Drone  
  125  7:23  Extractor, Drone x2  
  125  7:26  Drone  
  125  7:28  Overseer  
  125  7:29  Drone  
  127  7:30  Drone x3  
  127  7:31  Extractor  
  127  7:32  Lurker Den  
  127  7:33  Zergling x6  
  127  7:35  Overlord  
  129  7:37  Drone x2  
  131  7:46  Overlord  
  131  7:48  Zergling x4  
  131  7:49  Zergling x2  
  134  7:52  Hydralisk x2  
  134  7:54  Hydralisk  
  134  7:57  Hydralisk x2  
  134  7:58  Hydralisk x2, Zergling x6  
  148  7:59  Overlord, Zergling x8  
  148  8:00  Hydralisk  
  148  8:05  Adrenal Glands  
  157  8:11  Drone x2  
  157  8:12  Drone, Overlord  
  160  8:16  Pneumatized Carapace  
  160  8:18  Hydralisk  
  162  8:22  Hydralisk  
  162  8:23  Hydralisk x2, Zergling x2  
  162  8:26  Drone x3  
  162  8:27  Drone x3  
  174  8:29  Lurker x3  
  174  8:31  Zergling x12  
  174  8:32  Zergling x2  
  185  8:38  Seismic Spines  
  185  8:39  Drone x4  
  189  8:43  Extractor  
  189  8:45  Lurker  
  189  8:47  Overlord  
  189  8:49  Zergling x2  
  189  8:51  Overlord  
  190  8:56  Overlord x3  
  190  9:00  Spore Crawler, Spine Crawler  
  188  9:03  Lurker  
  188  9:04  Lurker  
  188  9:06  Overlord  
  188  9:07  Lurker  
  188  9:08  Zergling x10  
  188  9:09  Zergling x4  
  198  9:18  Lurker x2  
  200  9:31  Hatchery  
  200  9:35  Adaptive Talons  
  191  9:38  Drone  
  191  9:39  Drone x2  
  191  9:40  Zerg Missile Weapons Level 1, Baneling Nest  
  191  9:42  Evolution Chamber  
  181  9:55  Zergling x20  
  181  9:56  Zergling x24  
  181  9:59  Hydralisk  
  175  10:03  Hydralisk  
  172  10:07  Hydralisk x2  
  172  10:08  Hydralisk  
  172  10:12  Hydralisk  
  172  10:14  Hatchery, Overseer  
  179  10:16  Hydralisk x2, Queen  
  179  10:20  Hydralisk x2  
  179  10:21  Zergling x2  
  188  10:23  Spine Crawler  
  188  10:24  Spine Crawler  
  188  10:25  Hydralisk  
  188  10:28  Centrifugal Hooks  
  185  10:30  Zergling x12  
  185  10:32  Zergling x2  
  185  10:33  Lurker x4  
  185  10:35  Zergling x2  
  197  10:40  Zergling x4  
  198  10:43  Zergling x4  
  198  10:44  Zergling x2  
  198  10:47  Overlord  
  193  10:54  Zergling x14  
  193  10:56  Zergling x2  
  179  10:58  Hydralisk x2, Queen, Zergling x2  
  179  10:59  Zergling x4  
  179  11:02  Hydralisk  
  179  11:03  Zergling x4  
  169  11:04  Zergling x2  
  169  11:05  Hydralisk  
  169  11:07  Hydralisk  
  169  11:08  Hydralisk  
  169  11:10  Zergling x10  
  169  11:11  Lurker x3  
  177  11:13  Zergling x4  
  171  11:21  Hydralisk x2  
  171  11:22  Zergling x8  
  167  11:26  Zergling x2  
  167  11:30  Zergling x2  
  167  11:31  Zergling x4  
  164  11:33  Drone  
  164  11:34  Drone x4  
  164  11:37  Queen  
  164  11:38  Drone x2  
  164  11:39  Drone x2, Queen  
  164  11:40  Hydralisk x2  
  164  11:41  Zergling x4  
  164  11:42  Zergling x4  
  164  11:43  Zergling x2  
  174  11:47  Zergling x2  
  174  11:49  Lurker x2  
  174  11:50  Zergling x2, Lurker  
  174  11:52  Drone x2  
  174  11:53  Drone  
  180  11:54  Drone x2  
  180  12:00  Hydralisk  
  168  12:03  Hydralisk  
  168  12:04  Zergling x4  
  168  12:05  Drone  
  168  12:06  Hydralisk  
  174  12:11  Drone  
  174  12:14  Zergling x6  
  177  12:15  Zergling x2  
  177  12:19  Zergling x2  
  177  12:22  Lurker x3  
Tags
 
Add a new tag
Caveats
  • Supply blocks, unpowered buildings, or Contaminate may cause inaccurate times.
  • Supply counts are checked every 10 seconds.